 Dungeon Crawl Stone Soup version 0.18-a0-1747-g18c4181 (webtiles) character file.

408 FitzyFitz the Skirmisher (level 6, -1/55 HPs)
             Began as a Demonspawn Monk on Apr 12, 2016.
             Slain by an adder (4 damage)
             ... on level 3 of the Dungeon.
             The game lasted 00:32:41 (4651 turns).

FitzyFitz the Skirmisher (Demonspawn Monk)          Turns: 4651, Time: 00:32:41

Health: -1/55      AC:  3    Str: 11    XL:     6   Next: 57%
Magic:  6/6        EV: 13    Int: 13    God:
Gold:   73         SH:  0    Dex: 16    Spells: 1 memorised, 3 levels left

rFire  . . .     SeeInvis .     l - +0 war axe
rCold  . . .     Gourm    .     a - +0 robe
rNeg   . . .     Faith    .     (no shield)
rPois  .         Spirit   .     (no helmet)
rElec  .         Dismiss  .     (no cloak)
rCorr  .         Reflect  .     (no gloves)
SustAt .         Harm     .     (no boots)
MR     .....                    (no amulet)
Stlth  ++........               (no ring)
                                (no ring)

@: not resistant to hostile enchantments, unstealthy
A: molten scales 1, powered by pain 1
a: no special abilities


You were on level 3 of the Dungeon.
You were hungry.

You visited 1 branch of the dungeon, and saw 3 of its levels.

You collected 73 gold pieces.

Inventory:

Hand Weapons
 l - a +0 war axe (weapon)
 m - a +0 falchion
Missiles
 e - 105 stones (quivered)
 n - 15 sling bullets
Armour
 a - a +0 robe (worn)
 o - a cursed -1 ring mail
Scrolls
 h - 3 scrolls of identify
 i - 2 scrolls of remove curse
 j - a scroll of noise {unknown}
 k - a scroll of fog {unknown}
Potions
 g - 2 potions of flight
Books
 p - a book of Burglary

   Spells                             Type                      Level
   a - Swiftness                      Charms/Air                   2
   b - Passwall                       Transmutation/Earth          2
   c - Passage of Golubria            Translocation                4
   d - Lee's Rapid Deconstruction     Earth                        5
   e - Darkness                       Hexes                        6
   f - Invisibility                   Hexes                        6
Comestibles
 b - 4 bread rations
 c - 5 fruits
 f - 2 meat rations
 r - a beef jerky


   Skills:
 + Level 7.5 Fighting
 - Level 2.6 Dodging
 - Level 1.7 Stealth
 - Level 3.6 Unarmed Combat


You had 3 spell levels left.
You knew the following spells:

 Your Spells              Type           Power        Failure   Level  Hunger
a - Swiftness             Chrm/Air       #.......     47%         2    ###....


Dungeon Overview and Level Annotations

Branches:
Dungeon (3/15)

Altars:
Ashenzari
Gozag
Okawaru

Annotations:
D:3 Natasha


Innate Abilities, Weirdness & Mutations

You are partially covered in molten scales (AC +1).
You sometimes gain a little power by taking damage.


Message History

* * * LOW HITPOINT WARNING * * *
You slash the orc!
You kill the orc!
The adder closely misses you. The adder bites you.
* * * LOW HITPOINT WARNING * * *
You hit the adder.
The adder is lightly wounded.
The adder barely misses you. x2
You hit the adder.
The adder is heavily wounded.
The adder closely misses you. x2
You miss the adder.
The adder is heavily wounded.
The adder closely misses you.
You closely miss the adder.
The adder is heavily wounded.
The adder bites you.
* * * LOW HITPOINT WARNING * * *
The adder bites you.
You die...

.......... #####.# #.##..
##......#... ..##W# #.##.#
#..###.# #. #.##.# #†##.. #..#
#.# #. #.##W# #)##.# #..###...#.
#....# #..... #..##....#. #.####
#..... #........#.###.# #.....
##.##..........#############....
.......<#)S@.)..............
...###..#.########.#####...#
#..#.# #.....# #.#.# #.# #....#
#..##.# #...# #.# ##..#.#
#..##.# ##....
#.#.##...#.####..##.####..###
#.#....#.........##...))..# #
#####.####...######.###########
# .............# #.# #


You could see an adder.

Vanquished Creatures
  The ghost of untiedstates the Sneak, an amateur HuWn (D:3)
  An orc wizard (D:3)
  Terence (D:3)
  Natasha (twice) (D:3)
  5 adders
  8 gnolls
  3 oozes
  A dart slug (D:1)
  2 giant geckos
  6 orcs
  A giant cockroach (D:3)
  11 goblins
  10 hobgoblins
  11 kobolds
  A quokka (D:3)
  A ball python (D:2)
  9 bats
  5 giant newts
  13 rats
92 creatures vanquished.

Notes
Turn   | Place    | Note
--------------------------------------------------------------
     0 | D:1      | FitzyFitz the Demonspawn Monk began the quest for the Orb.
     0 | D:1      | Reached XP level 1. HP: 18/18 MP: 1/1
   127 | D:1      | Gained mutation: You sometimes gain a little power by taking damage. [demonic ancestry]
   127 | D:1      | Reached XP level 2. HP: 24/24 MP: 2/2
   508 | D:1      | Reached skill level 4 in Fighting
   606 | D:1      | Gained mutation: You are partially covered in molten scales (AC +1). [demonic ancestry]
   606 | D:1      | Reached XP level 3. HP: 29/30 MP: 3/3
  1521 | D:2      | Found an opulent altar of Gozag.
  1687 | D:2      | Reached XP level 4. HP: 38/38 MP: 4/4
  1799 | D:2      | Reached skill level 5 in Fighting
  2666 | D:2      | Found an iron altar of Okawaru.
  2674 | D:2      | Reached XP level 5. HP: 27/46 MP: 5/5
  3072 | D:3      | Noticed untiedstates's ghost (amateur HuWn)
  3239 | D:3      | Noticed Natasha
  3249 | D:3      | Killed Natasha
  3249 | D:3      | Reached skill level 6 in Fighting
  3382 | D:3      | Noticed Natasha
  3423 | D:3      | Noticed Terence
  3445 | D:3      | Killed Terence
  3487 | D:3      | Upgraded the game from 0.18-a0-1745-gffa9a88 to 0.18-a0-1747-g18c4181
  4093 | D:3      | Found a shattered altar of Ashenzari.
  4133 | D:3      | Learned a level 2 spell: Swiftness
  4487 | D:3      | Killed Natasha
  4487 | D:3      | Reached XP level 6. HP: 40/53 MP: 6/6
  4595 | D:3      | Noticed Natasha
  4612 | D:3      | Killed untiedstates's ghost
  4612 | D:3      | Reached skill level 7 in Fighting
  4651 | D:3      | Slain by an adder

Vault maps used:
D:1:      sevenhm_arrival_forest_fort_large_2
D:2:      okawaru_altar_gauntlet_db, nicolae_gozag_seed_capital
D:3:      ashenzari_conservatory_becter, first_bread, uniq_terence, uniq_natasha

Skill      XL: |  1  2  3  4  5  6 |
---------------+-------------------+-----
Fighting       | 4 5 6 7 |  7.5
Dodging        | |  2.6
Stealth        | |  1.7
Unarmed Combat | |  3.6

Action                   |  1- 3 |  4- 6 || total
-------------------------+-------+-------++-------
Melee: Unarmed           |   162 |    32 ||   194
       Spear             |     5 |       ||     5
       War axe           |       |   190 ||   190
       Punch             |       |     1 ||     1
Throw: Stone             |       |    11 ||    11
  Use: Scroll            |     3 |     3 ||     6
       Potion            |       |     6 ||     6
 Stab: Sleeping          |     2 |     2 ||     4
  Eat: Chunk             |     3 |     9 ||    12
Armor: Robe              |       |    27 ||    27
Dodge: Dodged            |       |    87 ||    87
